Cogmind - Beta 13 @@@ ROGUE MODE // 2024.04.19 @ 19:56:31 Player: CatPlusPlus Result: Destroyed by as-39503 with Assembled Rifle Performance ------------- Evolutions (0) 0 Regions Visited (2) 400 Robots Destroyed (42) 210 Value Destroyed (667) 667 Prototype IDs (0) 0 Alien Tech Used (0) 0 Bonus (0) 0 TOTAL SCORE: 1277 Bonus ------- None Cogmind --------- Core Integrity 0/250 Matter 258/300 Energy 82/100 System Corruption 0% Temperature Cool (0) Movement Core (2400) Ox47 Location -10/Mines Parts ------- > --- POWER (1) -------- (None) > --- PROPULSION (2) --- (None) > --- UTILITY (2) ------ Cargo Storage Unit > --- WEAPON (2) ------- Grenade Launcher > --- INVENTORY (30) --- Light Ion Engine Light Treads Light Treads Wheel Heat Sink Medium Storage Unit Large Storage Unit Huge Storage Unit Cargo Storage Unit Structural Scanner Machine Analyzer Visual Processing Unit Sensor Array Signal Interpreter Terrain Scanner Seismic Detector Transport Network Coupler Hacking Suite Hacking Suite Hacking Suite Medium Laser Beam Cannon Light Assault Rifle Datajack Mining Laser Hammer Peak State ------------ > --- POWER ------------ Light Ion Engine > --- PROPULSION ------- Wheel Wheel > --- UTILITY ---------- Cargo Storage Unit > --- WEAPON ----------- Assault Rifle Light Assault Rifle > --- INVENTORY -------- Light Ion Engine Light Treads Light Treads Heat Sink Medium Storage Unit Large Storage Unit Cargo Storage Unit Cargo Storage Unit Small Matter Pod Structural Scanner Visual Processing Unit Sensor Array Signal Interpreter Terrain Scanner Seismic Detector ECM Suite Backup Plating I Hacking Suite Small Laser Small Laser Light Assault Rifle Light Assault Rifle Light Assault Rifle Light Assault Rifle Grenade Launcher Datajack Mining Laser [Rating: 10] Favorites ----------- Power Light Ion Engine Engine Light Ion Engine Propulsion Wheel Treads Light Treads Wheel Wheel Utility Cargo Storage Unit Device Seismic Detector Storage Cargo Storage Unit Weapon Light Assault Rifle Energy Gun Medium Laser Ballistic Gun Light Assault Rifle Launcher Grenade Launcher Build | -11 -10 -10 ------- Run | Yrd Mat Min Slots Evolved . | . . . Power . | . . . Propulsion . | . . . Utility . | . . . Weapon . | . . . Parts Attached 28 | 8 15 5 Power 2 | 1 1 . Engine 2 | 1 1 . Core . | . . . Reactor . | . . . Propulsion 12 | 2 9 1 Treads 4 | 2 1 1 Leg . | . . . Wheel 8 | . 8 . Hover . | . . . Flight . | . . . Utility 3 | 2 1 . Device 1 | 1 . . Storage 2 | 1 1 . Processor . | . . . Hackware . | . . . Protection . | . . . Artifact . | . . . Weapon 11 | 3 4 4 Energy Gun 1 | . . 1 Energy Cannon . | . . . Ballistic Gun 8 | 3 3 2 Ballistic Cannon . | . . . Launcher 2 | . 1 1 Special Weapon . | . . . Impact Weapon . | . . . Slashing Weapon . | . . . Piercing Weapon . | . . . Special Melee Weapon . | . . . Unidentified Prototypes . | . . . Parts Lost 11 | . 4 7 Power 2 | . 1 1 Propulsion 4 | . 1 3 Utility . | . . . Weapon 5 | . 2 3 Highest Loss Streak 7 | . 1 7 To Critical Strikes . | . . . Average Slot Usage (%) 84 | . 84 81 Engine 12 | . 12 10 Treads 5 | . 5 3 Wheel 22 | . 22 24 Storage 14 | . 14 14 Ballistic Gun 27 | . 28 21 Naked Turns . | . . . Heaviest Build 147 | 13 147 145 Greatest Support 40 | 40 40 20 Greatest Overweight (x) 14 | 1 14 7 Average Overweight (x) 6 | . 7 7 Largest Inventory Capacity 30 | 8 30 30 Average Capacity 27 | 7 29 30 Most Carried 30 | 3 30 30 Average Carried 24 | 1 25 28 Final Capacity 30 | 8 30 30 Final Carried 30 | 3 30 27 Class Distribution -------------------- 90% | Hauler-Mutant 9% | Mutant Dominant Class ---------------- Hauler-Mutant | -10/Materials Hauler-Mutant | -10/Mines Resources | -11 -10 -10 ----------- Run | Yrd Mat Min Matter Collected 911 | 326 555 30 Remotely . | . . . Salvage Created 1213 | 142 1034 37 Parts 99 | 12 86 1 Haulers Intercepted 2 | . 2 . Recyclers Shooed 4 | . 4 . Parts Field Recycled . | . . . Retrieved Matter . | . . . Parts Self-Destructed . | . . . Prevented . | . . . Kills | -11 -10 -10 ------- Run | Yrd Mat Min Combat Hostiles Destroyed 23 | . 19 4 Guns 20 | . 19 1 AOE 3 | . . 3 Classes Destroyed 11 | 2 8 1 Worker 3 | . 3 . Builder 1 | . 1 . Tunneler 5 | 4 1 . Hauler 2 | . 2 . Recycler 3 | 1 2 . Mechanic 1 | . 1 . Operator 4 | . 4 . Watcher 3 | . 3 . Swarmer 9 | . 9 . Grunt 11 | . 10 1 Assembled 3 | . . 3 Best Kill Streak 5 | 5 4 3 Combat Bots Only 4 | . 4 3 Max Kills in Single Turn 2 | 1 2 2 Gunslinging 1 | . 1 . Exploded 2 | . . 2 Melee . | . . . Uniques/NPCs Destroyed . | . . . Combat | -11 -10 -10 -------- Run | Yrd Mat Min Hostile Shots Fired 117 | . 76 41 Missed 26 | . 16 10 Damage Taken 1300 | . 579 721 Core 256 | . 88 168 Absorbed by Shields . | . . . Core Remaining (%) 100 | 100 . . Volleys Fired 124 | 9 103 12 Largest 2 | 2 2 2 Hottest 70 | 40 40 70 Shots Fired 245 | 18 205 22 Gun 242 | 18 205 19 Cannon . | . . . Launcher 3 | . . 3 Special . | . . . Kinetic 240 | 18 205 17 Thermal 2 | . . 2 Explosive 3 | . . 3 Electromagnetic . | . . . Robot Hit Streak 7 | 3 7 6 Robot Miss Streak 6 | 1 6 1 Penetration Max . | . . . Secondary Targets 4 | . 4 . Max Gunslinging Chain 1 | . 1 . Shots Hit Robots 142 | 12 119 11 Core Hits 78 | 6 60 12 Critical Kills 3 | . 3 . Critical Parts Destroyed 2 | . 2 . Critical Strikes 6 | . 5 1 Burn 1 | . . 1 Destroy 5 | . 5 . Melee Attacks . | . . . Impact . | . . . Slashing . | . . . Piercing . | . . . Sneak Attacks . | . . . Combat Hostiles . | . . . Follow-up Attacks . | . . . Damage Inflicted 1697 | 177 1276 244 Guns 1554 | 177 1276 101 Cannons . | . . . Explosions 143 | . . 143 Melee . | . . . Ramming . | . . . Kinetic 1530 | 177 1276 77 Thermal 24 | . . 24 Explosive 143 | . . 143 Electromagnetic . | . . . Impact . | . . . Slashing . | . . . Piercing . | . . . Highest Corruption . | . . . Average Corruption . | . . . Corruption Purged . | . . . Corruption Blocked . | . . . Overload Shots . | . . . Overflow Damage 1 | . . 1 Projectiles . | . . . Explosions 1 | . . 1 Melee . | . . . Knockbacks . | . . . Impact . | . . . Kinetic . | . . . Secondary . | . . . Self-Inflicted Damage 41 | . . 41 Shots 2 | . . 2 Rammed . | . . . Targets Rammed . | . . . Kicked . | . . . Crushed . | . . . Highest Temperature 20 | . 6 20 Average Temperature 9 | . 6 11 Received Heat Transfer 216 | . 174 42 Siege Activations . | . . . Robots Corrupted . | . . . Combat Hostiles . | . . . Parts Fried . | . . . Impact Corruptions . | . . . Robots Melted . | . . . Combat Hostiles . | . . . Parts Melted . | . . . Heat Transferred 148 | . . 148 Parts Sabotaged . | . . . Parts Stolen . | . . . Parts Stripped . | . . . Power Chain Reactions . | . . . Alert | -11 -10 -10 ------- Run | Yrd Mat Min Peak Influence 362 | 25 362 104 Initial 47 | . 16 47 Average 174 | 11 185 69 Maximum Alert Level 1 | . 1 . Low Security (%) 54 | 100 50 100 Level 1 45 | . 49 . Level 2 . | . . . Level 3 . | . . . Level 4 . | . . . Level 5 . | . . . High Security . | . . . Max Security . | . . . Squads Dispatched 6 | . 6 . Investigation 2 | . 2 . Extermination . | . . . Reinforcement 4 | . 4 . Assault . | . . . Garrison . | . . . Intercept . | . . . Searches Triggered . | . . . Construction Impeded . | . . . Haulers Reinforced . | . . . Active Scanning Responses . | . . . Cargo Convoy Interrupts . | . . . Stealth | -11 -10 -10 --------- Run | Yrd Mat Min Distress Signals 2 | . 2 . Communications Jammed . | . . . Distress Signals . | . . . Times Spotted 54 | . 35 19 Peak Tracking Total 11 | . 6 11 Tactical Retreats 1 | . 1 . Traps | -11 -10 -10 ------- Run | Yrd Mat Min Traps Triggered 2 | . 2 . Indirectly . | . . . Trap Hack Attempts . | . . . Triggered . | . . . Disarmed . | . . . Reprogrammed . | . . . Reused . | . . . Traps Extracted . | . . . Installed . | . . . Triggered . | . . . Machines | -11 -10 -10 ---------- Run | Yrd Mat Min Machines Disabled . | . . . Max in Single Turn . | . . . Machines Repaired . | . . . Machines Dismantled . | . . . Machines Sabotaged . | . . . Overloaded Fab Kills . | . . . Hacking | -11 -10 -10 --------- Run | Yrd Mat Min Machines Accessed 6 | . 6 . Terminals 4 | . 4 . Fabricators . | . . . Repair Stations . | . . . Recycling Units 2 | . 2 . Scanalyzers . | . . . Garrison Access . | . . . Total Hacks 22 | . 22 . Successful 10 | . 10 . Failed 11 | . 11 . Catastrophic 2 | . 2 . Database Lockouts 1 | . 1 . Manual 15 | . 15 . Terminals 17 | . 17 . Fabricators . | . . . Repair Stations . | . . . Recycling Units 5 | . 5 . Scanalyzers . | . . . Garrison Access . | . . . Terminal Hacks 6 | . 6 . Part Schematic 2 | . 2 . Robot Analysis 2 | . 2 . Locate Traps 2 | . 2 . Fabricator Hacks . | . . . Repair Station Hacks . | . . . Recycling Unit Hacks 1 | . 1 . Retrieve Components 1 | . 1 . Scanalyzer . | . . . Garrison Access Hacks . | . . . Unauthorized Hacks 3 | . 3 . Terminals 1 | . 1 . Botnet 1 | . 1 . Fabricators . | . . . Repair Stations . | . . . Recycling Units 2 | . 2 . Tunnel 2 | . 2 . Scanalyzers . | . . . Garrison Access . | . . . Data Cores Recovered . | . . . Used . | . . . Hacking Detections 5 | . 5 . Full Trace Events . | . . . Feedback Events . | . . . Feedback Blocked . | . . . Robot Schematics Acquired . | . . . Robots Built . | . . . Authchips . | . . . Time . | . . . Total Robot Build Rating . | . . . Part Schematics Acquired 2 | . 2 . Parts Built . | . . . Authchips . | . . . Time . | . . . Total Part Build Rating . | . . . Parts Repaired . | . . . Time . | . . . Parts Recycled . | . . . Recycled Matter . | . . . Retrieved Matter . | . . . Retrieved Components 10 | . 10 . Parts Scanalyzed . | . . . Part Schematics Acquired . | . . . Parts Damaged . | . . . Bothacking | -11 -10 -10 ------------ Run | Yrd Mat Min Used RIF Installer . | . . . Robots Hacked . | . . . Non-combat . | . . . Combat . | . . . Robot Hacks Applied . | . . . Relay Couplers Released . | . . . Fabnet Peak Effective % . | . . . Robots Rewired . | . . . Allies Hacked . | . . . Hacks Repelled . | . . . Allies | -11 -10 -10 -------- Run | Yrd Mat Min Total Allies . | . . . Largest Group . | . . . Highest-Rated Group . | . . . Highest-Rated Ally . | . . . Total Orders . | . . . Ally Attacks . | . . . Total Damage . | . . . Kills . | . . . Allies Corrupted . | . . . Allies Melted . | . . . Intel | -11 -10 -10 ------- Run | Yrd Mat Min Robot Analysis Total 2 | . 2 . Derelict Logs Recovered . | . . . Drone Launches . | . . . Drone Recoveries . | . . . Exploration | -11 -10 -10 ------------- Run | Yrd Mat Min Turns Passed 2696 | 151 2506 39 Spaces Moved 1152 | 73 1077 2 Core 8 | 8 . . Treads 141 | 65 76 . Legs . | . . . Wheels 1003 | . 1001 2 Hover . | . . . Flight . | . . . Fastest Speed 50 | 50 160 185 Average Speed 194 | 151 197 185 Slowest Speed 400 | 160 400 185 Overloaded Moves . | . . . Propulsion Burnouts . | . . . Robots Hopped . | . . . Cave-ins Triggered . | . . . Exploration Rate (%) 36 | 5 98 7 Regions Visited 2 Branch Regions 1 Pre-discovered Areas 2 | . 2 . Known Exits Taken . | . . . Unknown Exits Taken 2 | 1 1 . Scrap Searched . | . . . Spaces Dug 7 | . . 7 Terrain Destroyed 19 | . . 19 Melee . | . . . Projectile . | . . . AOE 19 | . . 19 Terrain Rammed . | . . . Walls Destroyed . | . . . Machines Disabled . | . . . Actions | -11 -10 -10 --------- Run | Yrd Mat Min Total 1390 | 92 1279 19 Wait 25 | . 25 . Move 1150 | 72 1076 2 Hop . | . . . Pick Up 44 | 3 41 . Fast Attach 11 | 7 4 . Attach 7 | . 4 3 Detach 2 | . 2 . Swap 10 | 1 7 2 Drop 17 | . 17 . Fire 124 | 9 103 12 Melee . | . . . Ram . | . . . Kick . | . . . Crush . | . . . Escape Stasis . | . . . Rewire . | . . . Trap . | . . . Miscellaneous . | . . . Route ------- -11/Scrapyard -10/Materials (discovered 5 exits: [*Mat x3] / [*Min] / [*Sub]) -10/Mines History --------- Turn | Location | Event 7 | -11/Scrapyard | Discovered new exit (range 16) 152 | -11/Scrapyard | Entered Materials 551 | -10/Materials | Discovered new exit (range 15) 565 | -10/Materials | Build established: Hauler-Mutant 1082 | -10/Materials | Discovered new exit (range 12) 1184 | -10/Materials | Discovered new exit (range 14) 1306 | -10/Materials | Central database locked down 2021 | -10/Materials | Discovered new exit (range 10) 2470 | -10/Materials | Discovered new exit (range 10) 2658 | -10/Materials | Entered Mines 2659 | -10/Mines | Assembled infested the area 2664 | -10/Mines | Assisted by a Guerilla fighting off Assembled 2667 | -10/Mines | Core integrity fell below 50% 2686 | -10/Mines | Core integrity fell below 20% 2697 | -10/Mines | Destroyed by as-39503 with Assembled Rifle Last Messages --------------- 02685_ R-06 Scavenger destroyed. 02686_ The unstable cave ceiling collapses. 02687_ as-39698 destroyed. 02689_ as-16673 destroyed. 02689_ as-17876 destroyed. 02689_ D-53 Grenadier destroyed. 02690_ as-17122 suffers critical hit (Burn). 02690_ D-53 Grenadier destroyed. 02691_ The unstable cave ceiling collapses. 02692_ 47 Matter crushed. 02692_ The unstable cave ceiling collapses. 02694_ as-13800 destroyed. 02694_ Lgt. Treads destroyed. 02694_ Destroyed Lgt. Treads. 02694_ Lgt. Assault Rifle destroyed. 02694_ Destroyed Lgt. Assault Rifle. 02694_ as-17122 destroyed. 02695_ Wheel destroyed. 02696_ The unstable cave ceiling collapses. 02697_ as-18869 destroyed. Map ----- +----------------------------------------------------+ | ????????????????????????????????? | | ????????????????????????????????? | | ????????????????????????????????? | | ????????????????????????????????? | | ????????????????????????????????? | | ????????????????????????????????? | | ????????????????????????????????? | | ????????????????????????????????? | | ????????????????????????????????? | | ????????????????????????????????? | | ????????????????????????????????? | | ????????????????????????????????? | | ????????????????????????????????? | | ????????????????????????????????? | | ????????????????????????????????? | | ????????????????????????????????? | | ????????????????????????????????? | | ????????????????????????????????? | | ????????????????????????????????? | | ????????????????????????????????? | | ?????#######??#######???????????? | | ???### ##u ##??????????? | | ???# #??????????? | | ???# #??????????? | | ???# aa % ;#?????????? | | ???# @ = #?????????? | | ???# % #* #?????????? | | ???# #?????????? | | ???## # a ##?????????? | | ????## ######??? #??????????? | | ????? ##????????????????????? | | ????# % #?????????????????????? | | ????# #?????????????????????? | | ???? #?????????????????????? | | ???? a a?????????????????????? | | ??? ?????????????????????? | | ???# a##?????????????????????? | | ???## ???????????????????????? | | ????# ???????????????????????? | | ????# ???????????????????????? | | ?????? a ???????????????????????? | | ????????????????????????????????? | | ????????????????????????????????? | | ????????????????????????????????? | | ????????????????????????????????? | | ????????????????????????????????? | | ????????????????????????????????? | | ????????????????????????????????? | | ????????????????????????????????? | | ????????????????????????????????? | +----------------------------------------------------+ Best States ------------- Heat Dissipation 25 Energy Generation 10 Energy Capacity 125 Matter Stores 300 Matter Capacity 300 Sight Range 16 Terrain Scan Density 10 Evasion (%) 40 Recoil Reduction 2 Item Schematics ----------------- Huge Storage Unit | -10/Materials | Hacked Hcp. Storage Unit | -10/Materials | Hacked Robot Schematics ------------------ None Fabricated ------------ Nothing Alien Tech Used ----------------- None Achievements -------------- None Challenges ------------ None Game ------ Seed SpliceSeismicSegregator Manual? 0 Play Time 00:22:14 Cumulative 123.7 hours Start 2024.04.19 @ 19:02:08 End 2024.04.19 @ 19:56:31 Sessions 1 Manual Loads 0 Difficulty Rogue Special Mode None Game No. 67 Rogue 67 Adventurer 0 Explorer 0 Win Type - Total 4 Types 3/0/0/1/0/0/0/0/0 Lore% 57 Gallery% 76 Achievement% 52 Wizard Run 0 Options --------- Layout 1 ASCII 0 Keyboard 1 Movement Numpad Keybinds 0 Fullscreen 1 Font 20/Terminus Map View 54x42 Zoom Use 0% Tactical HUD 1 Map Filters NONE Filters NONE Steam 1 RUN: 5f771a42-af94-45b6-81d5-b0dd43fd2b10